 Dungeon Crawl Stone Soup version 0.24-a0-584-g9d6b971 (webtiles) character file.

Game seed: 9766562069221758464, levelgen mode: deterministic

65 Atlas the Grave Robber (level 3, -1/24 HPs)
             Began as a Mummy Necromancer on Sept 4, 2019.
             Slain by a quasit (2 damage)
             ... on level 2 of the Dungeon.
             The game lasted 00:03:18 (2241 turns).

Atlas the Grave Robber (Mummy Necromancer)          Turns: 2241, Time: 00:03:18

Health: -1/24      AC:  4    Str: 11      XL:     3   Next: 94%
Magic:  8/8        EV: 11    Int: 15      God:
Gold:   50         SH:  0    Dex:  8 (12) Spells: 6/10 levels left

rFire    x . .     SeeInvis .   g - +0 hand axe
rCold    + . .     Gourm    .   (no shield)
rNeg     + + +     Faith    .   e - +0 leather armour
rPois    ∞         Spirit   .   (no helmet)
rElec    .         Reflect  .   (no cloak)
rCorr    .         Harm     .   c - +0 pair of gloves
MR       .....                  (no boots)
Stlth    +.........             (no amulet)
HPRegen  0.08/turn              (no ring)
MPRegen  0.11/turn              (no ring)

@: no status effects
A: no food or potions, fire vulnerability, cold resistance 1, negative energy
resistance 3, torment resistance, unbreathing
a: no special abilities


You were on level 2 of the Dungeon.
You were not hungry.

You visited 1 branch of the dungeon, and saw 3 of its levels.

You collected 50 gold pieces.

Inventory:

Hand Weapons
 g - a +0 hand axe (weapon)
Armour
 c - a +0 pair of gloves (worn)
 e - a +0 leather armour (worn)
Scrolls
 a - a scroll of magic mapping {unknown}
 b - a scroll of identify {unknown}
 d - 2 scrolls of remove curse {unknown}
 f - a scroll of enchant weapon {unknown}


   Skills:
 + Level 1.5 Dodging
 + Level 1.6 Stealth
 + Level 0.1 Unarmed Combat
 + Level 4.3 Spellcasting
 + Level 4.6 Necromancy


You had 6 spell levels left.
You knew the following spells:

 Your Spells              Type           Power        Failure   Level  Hunger
a - Pain                  Necr           ###.         3%          1    N/A
c - Vampiric Draining     Necr           ###.......   10%         3    N/A

Your spell library contained the following spells:

 Spells                   Type           Power        Failure   Level  Hunger
 Animate Skeleton         Necr           N/A          3%          1    N/A
 Animate Dead             Necr           N/A          32%         4    N/A
 Regeneration             Chrm/Necr      Unusable     N/A         3    N/A

Dungeon Overview and Level Annotations

Branches:
Dungeon (3/15)

Altars:
Fedhas


Innate Abilities, Weirdness & Mutations

You do not eat or drink.
Your flesh is vulnerable to fire.
You are immune to poison.
Your flesh is cold resistant. (rC+)
You are immune to negative energy. (rN+++)
You are immune to unholy pain and torment.
You can survive without breathing.


Message History

The quasit is moderately wounded.
The quasit closely misses you.
The quasit claws you but does no damage. x2
The quasit bites you but does no damage.
The quasit claws you but does no damage. x2
Unknown command.
You closely miss the quasit.
The quasit is moderately wounded.
The quasit bites you but does no damage.
The quasit claws you but does no damage.
The quasit closely misses you.
Unknown command.
You hit the quasit.
The quasit is heavily wounded.
The quasit bites you but does no damage.
The quasit claws you.
* * * LOW HITPOINT WARNING * * *
The quasit claws you but does no damage.
The quasit barely misses you. x2; The quasit claws you.
You die...

##### #...#
########...#
#.....##...#
#.....##...#
#.....##...#
#.....##...########
##.@................
#..5.............(.†
#......##...#.......
#......##...#.......
#......##...#.......
#...>...+...........
##.....##...#.#.#...
##.....##...#.#.#.#.
#.....#####......<..


You could see a quasit.

Vanquished Creatures
  An adder (D:2)
  2 worms
  3 dart slugs
  3 leopard geckos
  A ball python (D:2)
  3 bats
  2 giant cockroaches
  6 goblins
  4 hobgoblins
  A quokka (D:2)
  3 frilled lizards
  7 kobolds
  4 rats
40 creatures vanquished.

Notes
Turn   | Place    | Note
-------+----------+-------------------------------------------
     0 | D:1      | Atlas the Mummy Necromancer began the quest for the Orb.
     0 | D:1      | Reached XP level 1. HP: 13/13 MP: 4/4
   385 | D:1      | Reached XP level 2. HP: 19/19 MP: 3/5
  1187 | D:2      | Reached XP level 3. HP: 24/24 MP: 4/8
  1192 | D:2      | Learned a level 3 spell: Vampiric Draining
  1361 | D:2      | Found a blossoming altar of Fedhas.
  2238 | D:2      | HP: 1/24 [quasit (2)]
  2241 | D:2      | Slain by a quasit

Levels and vault maps discovered:
D:1:      eino_arrival_cavern_c, layout_rooms, hangedman_decor_push,
          serial_bayou_lagoon_a
D:2:      layout_basic, lemuel_doored_altar
D:3:      minmay_spotlight, layout_basic, zin_purify,
          chequers_ecumenical_altar_island

Skill      XL: |  1  2  3 |
---------------+----------+-----
Spellcasting   | 3 4 |  4.3
Dodging        | |  1.5
Stealth        | |  1.6
Unarmed Combat | |  0.1
Necromancy     | |  4.6

Action                   || total
-------------------------++-------
Melee: Unarmed           ||    31
       Hand axe          ||    16
 Cast: Pain              ||    80
Armor: Leather armour    ||    47
       Robe              ||     5
Dodge: Dodged            ||    84

Table legend:
 A = Non-vault XP
 B = Vault XP
 C = Vault XP percentage of total XP
 D = Non-vault monster count
 E = Vault monster count
 F = Vault count percentage of total count
                 A         B        C        D         E       F
            +---------+---------+-------+---------+---------+-------
      Total |      94 |       0 |   0.0 |      40 |       0 |   0.0
            +---------+---------+-------+---------+---------+-------
        D:1 |      31 |       0 |   0.0 |      16 |       0 |   0.0
        D:2 |      56 |       0 |   0.0 |      22 |       0 |   0.0
        D:3 |       7 |       0 |   0.0 |       2 |       0 |   0.0
            +---------+---------+-------+---------+---------+-------
